 Dungeon Crawl Stone Soup version 0.28-b1-25-g9875b3fc8c (webtiles) character file.

Game seed: 9045661480442370994

89 tilp the Chopper (level 4, -1/40 HPs)
             Began as a Hill Orc Delver on Feb 6, 2022.
             Was an Initiate of Hepliaklqana.
             Succumbed to an orc's poison
             ... on level 3 of the Dungeon.
             The game lasted 00:02:26 (770 turns).

tilp the Chopper (Hill Orc Delver)                   Turns: 770, Time: 00:02:27

Health: -1/40      AC:  6    Str: 16    XL:     4   Next: 55%
Magic:  4/4        EV:  9    Int: 10    God:    Hepliaklqana [......]
Gold:   63         SH:  0    Dex: 12    Spells: 3/3 levels left

rFire   . . .      SeeInvis .   a - +4 whip "Uduhyisk" {vamp, rC+}
rCold   + . .      Faith    .   (no shield)
rNeg    . . .      Spirit   .   k - +0 scale mail
rPois   .          Reflect  .   (no helmet)
rElec   .          Harm     .   (no cloak)
rCorr   .          Rampage  .   (no gloves)
Will    .....                   (no boots)
Stlth   +.........              (no amulet)
HPRegen 0.13/turn               (no ring)
MPRegen 0.09/turn               (no ring)

@: lethally poisoned (-1 -> -8)
A: no striking features
a: Renounce Religion


You were on level 3 of the Dungeon.
You worshipped Hepliaklqana.
Hepliaklqana was noncommittal.
You visited 1 branch of the dungeon, and saw 4 of its levels.

You collected 63 gold pieces.

Inventory:

Hand Weapons
 a - the +4 whip "Uduhyisk" (weapon) {vamp, rC+}
   (You found it on level 6 of the Dungeon)

   It occasionally heals its wielder for a portion of the damage dealt when it
   wounds a living foe.
   rC:        It protects you from cold.
 b - a +0 hand axe
Missiles
 d - 36 stones
 i - 6 poisoned darts (quivered)
Armour
 k - a +0 scale mail (worn)
Wands
 g - a wand of digging (2)
Scrolls
 c - a scroll of fog
 e - a scroll of fear
 j - a scroll of identify {unknown}
Potions
 f - a potion of haste


   Skills:
 - Level 4.0 Fighting
 * Level 5.9 Axes
 - Level 1.5 Dodging
 - Level 4.1 Stealth


You had 3 spell levels left.
You didn't know any spells.
Your spell library contained the following spells:

 Spells                   Type           Power      Damage    Failure   Level
 Shock                    Conj/Air       0%         1d3       82%         1
 Blink                    Tloc           0%         N/A       91%         2
 Lesser Beckoning         Tloc           0%         N/A       99%         3
 Swiftness                Air            0%         N/A       99%         3
 Airstrike                Air            0%         N/A       100%        4
 Manifold Assault         Tloc           0%         N/A       100%        5


Dungeon Overview and Level Annotations

Branches:
Dungeon (6/15)
 Temple: D:4-7

Altars:
Dithmenos
Hepliaklqana
Kikubaaqudgha
Qazlal

Annotations:
D:4 exclusions: scorpion and water moccasin


Message History

The orc hits you but does no damage.
You hit the orc.
You kill the orc!
You hit the orc.
You feel better.
The orc is heavily wounded.
The orc hits you with a +0 short sword of venom.
You are poisoned.
You barely miss the orc.
The orc is heavily wounded.
You feel very sick. The orc hits you but does no damage.
You are lethally poisoned!
You hit the orc.
You feel better.
You kill the orc!
* * * LOW HITPOINT WARNING * * *
You feel very sick.
You hit the orc but do no damage.
* * * LOW HITPOINT WARNING * * *
You feel very sick. The orc closely misses you.
You barely miss the orc.
* * * LOW HITPOINT WARNING * * *
You feel very sick. The orc hits you with a +0 mace.
* * * LOW HITPOINT WARNING * * *
Unknown command.
Okay, then.
You hit the orc.
The orc is almost dead.
* * * LOW HITPOINT WARNING * * *
You feel sick. The orc hits you with a +0 mace.
* * * LOW HITPOINT WARNING * * *
Unknown command.
You hit the orc.
You kill the orc!
* * * LOW HITPOINT WARNING * * *
You feel sick.
Unknown command.
Okay, then.
You die...

###.### #. #§...☼#...
##.....#.# ..._....#
.#+ .....#.# ....
....#.# .....
##.###.######
..[...####..#.#......
.......@.......#...#
......#######..#...#
.?...
#####..#...##### ....
............'.... ...
######.#....##### ..
........'..# #
####.....##.#
#.....##+##
#.....#....


There were no monsters in sight!

Vanquished Creatures
  Jessica (D:3)
  An orc wizard (D:3)
  2 adders
  A white imp (D:5)
  3 orcs (D:3)
  2 giant cockroaches (D:4)
  3 hobgoblins (D:4)
  A ball python (D:4)
14 creatures vanquished.

Notes
Turn   | Place    | Note
-------+----------+-------------------------------------------
     0 | D:5      | tilp the Hill Orc Delver began the quest for the Orb.
     0 | D:5      | Reached XP level 1. HP: 19/19 MP: 1/1
    21 | D:6      | Reached skill level 3 in Axes
    21 | D:6      | Reached XP level 2. HP: 14/27 MP: 2/2
    62 | D:6      | Identified the +4 whip "Uduhyisk" {vamp, rC+}
   218 | D:5      | Noticed an ice beast
   232 | D:5      | Noticed a killer bee
   238 | D:5      | Noticed a sky beast
   240 | D:5      | Noticed a centaur
   279 | D:4      | Reached skill level 4 in Axes
   289 | D:4      | Reached XP level 3. HP: 33/33 MP: 3/3
   377 | D:4      | Found a hazy altar of Hepliaklqana.
   389 | D:4      | Found a shadowy altar of Dithmenos.
   391 | D:4      | Noticed a shadow
   400 | D:4      | Became a worshipper of Hepliaklqana the Forgotten
   418 | D:4      | Noticed a water moccasin
   449 | D:4      | Noticed a scorpion
   461 | D:4      | Found an ancient bone altar of Kikubaaqudgha.
   676 | D:3      | Noticed Jessica
   681 | D:3      | Killed Jessica
   682 | D:3      | Reached skill level 5 in Axes
   682 | D:3      | Reached XP level 4. HP: 37/40 MP: 4/4
   730 | D:3      | Found a stormy altar of Qazlal.
   768 | D:3      | HP: 2/40 [orc (1)]
   770 | D:3      | Succumbed to an orc's poison

Illustrated notes

Levels and vault maps discovered:
D:3:      layout_basic, grunt_qazlal_clouds,
          grunt_temple_overflow_order_and_chaos_2,
          ebering_ecumenical_altar_abandoned, minmay_cupped, uniq_jessica
D:4:      layout_cave_pools, riverfiend_overflow_shadow_ancestor,
          kennysheep_mini
D:5:      layout_rooms, gammafunk_ghost_hive
D:6:      layout_loops_ring, kennysheep_mini_moat, lemuel_tele_altar,
          minmay_temple_entry_proselytizer, portal_sewer_entry_b, uniq_grinder,
          uniq_maggie, uniq_duvessa

Skill      XL: |  1  2  3 |
---------------+----------+-----
Axes           | 3 4 5 |  5.9
Fighting       | 4 |  4.0
Dodging        | |  1.5
Stealth        | |  4.1

Action                   |  1- 3 |  4- 6 || total
-------------------------+-------+-------++-------
Melee: Hand axe          |     6 |       ||     6
       Whip              |    25 |    35 ||    60
Evoke: Wand              |     1 |       ||     1
  Use: Scroll            |     1 |       ||     1
 Stab: Sleeping          |     2 |       ||     2
Armor: Leather armour    |     6 |       ||     6
       Scale mail        |       |    13 ||    13
Dodge: Dodged            |    12 |     2 ||    14
